GUELPH STORM vs BUFFALO BULLS
Created - 16 novembre 2025 at 08:52
Goals
|
| GUELPH STORM |
3 |
0 |
2 |
5 |
| BUFFALO BULLS |
0 |
1 |
2 |
3 |
|
Shots
|
| GUELPH STORM |
14 |
8 |
14 |
36 |
| BUFFALO BULLS |
10 |
8 |
22 |
40 |
|
1st period
1. GUELPH STORM , Alexis Gendron 3 (Brandon Biro 9, Brett Harrison 2) at 4:36
2. GUELPH STORM , Jake Furlong 1 (Ty Mueller 9, Rodwin Dionicio 2) at 16:16
3. GUELPH STORM , Nikolai Kovalenko 9 (Christian Fischer 12) at 18:01 (PP)
Penalties :
Roman Schmidt (BUF) for Hooking (Minor) at 0:12, Joona Koppanen (BUF) for Tripping (Minor) at 5:20, Louie Belpedio (BUF) for Interference (Minor) at 16:50
2nd period
4. BUFFALO BULLS , Roman Schmidt 4 (Ben Steeves 8, Nikita Chibrikov 9) at 13:04
Penalties :
Cam Dineen (BUF) for Slashing (Minor) at 4:16, Ondrej Pavel (BUF) for Holding (Minor) at 7:39, Joona Koppanen (BUF) for Goalie Interference (Minor) at 10:28, Louie Belpedio (BUF) for Holding (Minor) at 13:10
3rd period
5. BUFFALO BULLS , Stanislav Svozil 3 (Ivan Ivan 8, Roman Schmidt 2) at 3:27 (PP)
6. BUFFALO BULLS , Nikita Chibrikov 7 (Ben Steeves 9, Ondrej Pavel 7) at 13:15 (PP)
7. GUELPH STORM , Anton Wahlberg 8 (Owen Pickering 4, Ty Mueller 10) at 16:17
8. GUELPH STORM , Owen Pickering 2 (Ty Mueller 11, Anton Wahlberg 1) at 16:46
Penalties :
Rodwin Dionicio (GUE) for Slashing (Minor) at 2:36, Oskar Olausson (BUF) for Roughing (Minor) at 7:42, Jake Furlong (GUE) for Hooking (Minor) at 12:05
Goalie Stats
Cayden Primeau (GUE), 37 saves from 40 shots - (0,925), W, 5-8-0, 60:00 minutes
Trent Miner (BUF), 31 saves from 36 shots - (0,861), L, 6-6-2, 60:00 minutes
Players Stats for GUELPH STORM
Player Name G A P +/- PIM S H SB GA TA FO MP PP MP PK MP
------------------------------------------------------------------------------------
Alexis Gendron 1 0 1 0 0 3 0 1 0 0 0/0 14:38 0:00 0:00
Anton Wahlberg 1 1 2 3 0 7 2 0 0 0 2/4 21:10 7:03 0:56
Brandon Biro 0 1 1 0 0 1 1 0 0 0 4/12 14:38 0:00 0:00
Brett Harrison 0 1 1 0 0 0 3 2 0 0 0/0 14:38 0:00 0:00
Bryce McConnell-Barker 0 0 0 0 0 0 0 0 0 0 0/0 0:09 0:09 0:00
Christian Fischer 0 1 1 0 0 3 1 1 0 0 10/36 23:05 8:01 1:05
David Spacek 0 0 0 1 0 0 0 0 0 0 0/0 24:31 8:20 1:05
Graeme Clarke 0 0 0 3 0 1 0 0 0 0 0/2 20:05 6:54 0:00
Isaac Belliveau 0 0 0 0 0 0 0 0 0 0 0/0 6:23 2:33 0:00
Jack Ahcan 0 0 0 0 0 1 1 1 0 0 0/0 24:59 6:35 0:56
Jake Furlong 1 0 1 2 2 2 0 1 0 0 0/0 27:29 6:01 0:00
Judd Caulfield 0 0 0 0 0 1 3 0 0 0 1/2 21:18 8:01 0:00
Nikolai Kovalenko 1 0 1 0 0 4 0 2 0 0 0/5 24:12 8:01 1:05
Owen Pickering 1 1 2 1 0 3 2 1 0 0 0/0 23:29 6:30 1:05
Rodwin Dionicio 0 1 1 2 2 0 1 0 0 0 0/0 13:07 0:09 0:56
Skyler Brind'Amour 0 0 0 0 0 2 0 0 0 0 0/0 1:49 0:00 0:00
Ty Mueller 0 3 3 3 0 8 1 0 0 0 18/31 21:01 6:54 0:56
Xavier Simoneau 0 0 0 0 0 0 0 0 0 0 0/0 1:16 0:09 0:00
Players Stats for BUFFALO BULLS
Player Name G A P +/- PIM S H SB GA TA FO MP PP MP PK MP
------------------------------------------------------------------------------------
Aydar Suniev 0 0 0 -1 0 1 0 0 0 0 0/0 7:16 0:00 0:28
Ben Steeves 0 2 2 0 0 3 0 0 0 0 14/19 22:51 1:11 8:59
Cam Dineen 0 0 0 -1 2 2 1 1 0 0 0/0 23:38 0:57 6:30
Cameron Butler 0 0 0 -1 0 1 0 0 0 0 0/0 6:48 0:00 0:00
Eduard Sale 0 0 0 -2 0 1 0 0 0 0 1/2 12:18 0:50 0:00
Ethan Edwards 0 0 0 0 0 0 0 2 0 0 0/0 15:08 0:00 3:20
Ivan Ivan 0 1 1 -2 0 6 2 2 0 0 14/26 19:01 0:50 6:05
Jack Williams 0 0 0 0 0 4 0 0 0 0 0/2 11:58 0:00 0:00
Joe Fleming 0 0 0 0 0 0 1 1 0 0 0/0 12:42 0:00 0:16
Joona Koppanen 0 0 0 0 4 1 4 0 0 0 0/0 13:10 0:00 1:14
Louie Belpedio 0 0 0 -1 4 0 5 3 0 0 0/0 22:55 0:57 5:48
Matyas Sapovaliv 0 0 0 -1 0 0 0 0 0 0 5/5 6:48 0:00 0:00
Nikita Chibrikov 1 1 2 0 0 14 1 1 0 0 0/0 19:33 1:11 5:41
Ondrej Pavel 0 1 1 0 2 3 2 1 0 0 21/28 21:32 1:11 7:41
Oskar Olausson 0 0 0 -2 2 2 1 0 0 0 0/1 12:17 0:50 0:00
Parker Ford 0 0 0 0 0 0 0 0 0 0 2/9 11:58 0:00 0:00
Roman Schmidt 1 1 2 -2 2 1 0 2 0 0 0/0 21:36 1:04 6:16
Stanislav Svozil 1 0 1 -2 0 1 1 2 0 0 0/0 23:19 1:04 7:58
3 Stars
1 - Anton Wahlberg (GUE)
2 - Ty Mueller (GUE)
3 - Owen Pickering (GUE)
Power Play
GUELPH STORM - 1 on 8 Attempt(s) - 12,50%
BUFFALO BULLS - 2 on 2 Attempt(s) - 100,00%
Penalty Kill
GUELPH STORM - 0 on 2 Attempt(s) - 0,00%
- Score 0 goal in Penalty Kill
BUFFALO BULLS - 7 on 8 Attempt(s) - 87,50%
- Score 0 goal in Penalty Kill
Team Stat
GUELPH STORM - Hits : 15 - Faceoff Wins : 35 - Blocked Shots : 9 - Penalty Minutes : 4
BUFFALO BULLS - Hits : 18 - Faceoff Wins : 57 - Blocked Shots : 15 - Penalty Minutes : 16
Official
Referees : Ryan Hersey and Justin Kea
Linesman : Kory Nagy and Shandor Alphonso
Game Notes
No Game Note
GUELPH STORM
5 vs 5 Forward
Center Left Wing Right Wing Time % Phy DF OF
1 Christian Fischer Nikolai Kovalenko Judd Caulfield 36 1 2 2
2 Ty Mueller Anton Wahlberg Graeme Clarke 31 1 2 2
3 Brandon Biro Brett Harrison Alexis Gendron 23 1 2 2
4 Skyler Brind'Amour Nikolai Kovalenko Christian Fischer 10 1 2 2
5 vs 5 Defense
Defense Defense Time % Phy DF OF
1 Jake Furlong Jack Ahcan 36 1 2 2
2 Owen Pickering David Spacek 31 1 2 2
3 Jake Furlong Rodwin Dionicio 23 1 2 2
4 Owen Pickering Jack Ahcan 10 1 2 2
PowerPlay Forward
Center Left Wing Right Wing Time % Phy DF OF
1 Christian Fischer Nikolai Kovalenko Judd Caulfield 55 1 2 2
2 Ty Mueller Anton Wahlberg Graeme Clarke 45 1 2 2
PowerPlay Defense
Defense Defense Time % Phy DF OF
1 Jake Furlong Jack Ahcan 55 1 2 2
2 Owen Pickering David Spacek 45 1 2 2
Penalty Kill 4 Players Forward
Center Wing Time % Phy DF OF
1 Nikolai Kovalenko Christian Fischer 55 1 2 2
2 Ty Mueller Anton Wahlberg 45 1 2 2
Penalty Kill 4 Players Defense
Defense Defense Time % Phy DF OF
1 Jake Furlong Jack Ahcan 55 1 2 2
2 Owen Pickering David Spacek 45 1 2 2
Penalty Kill - 3 Players Forward
Forward Time % Phy DF OF
1 Nikolai Kovalenko 55 1 2 2
2 Christian Fischer 45 1 2 2
Penalty Kill - 3 Players Defense
Defense Defense Time % Phy DF OF
1 Jake Furlong Jack Ahcan 55 1 2 2
2 Owen Pickering David Spacek 45 1 2 2
4 vs 4 Forward
Center Wing Time % Phy DF OF
1 Nikolai Kovalenko Christian Fischer 55 1 2 2
2 Ty Mueller Anton Wahlberg 45 1 2 2
4 vs 4 Defense
Defense Defense Time % Phy DF OF
1 Rodwin Dionicio Jack Ahcan 55 1 2 2
2 Owen Pickering David Spacek 45 1 2 2
Last Minutes Offensive
Center Left Wing Right Wing Defense Defense
Christian Fischer Nikolai Kovalenko Judd Caulfield Owen Pickering Jack Ahcan
Last Minutes Defensive
Center Left Wing Right Wing Defense Defense
Christian Fischer Nikolai Kovalenko Judd Caulfield Owen Pickering Jack Ahcan
Goaltenders
Starting : Cayden Primeau
Backup : Matt Tomkins
Extra Forwards
Normal : Xavier Simoneau, Bryce McConnell-Barker, Brandon Biro - PP : Xavier Simoneau, Bryce McConnell-Barker - PK : Brandon Biro
Extra Defensemen
Normal : Jake Furlong, Rodwin Dionicio, Owen Pickering - PP : Jake Furlong - PK : Rodwin Dionicio, Owen Pickering
Penalty Shots
Nikolai Kovalenko, Christian Fischer, Ty Mueller, Anton Wahlberg, Brandon Biro
Scratches
Joshua Lopina (Healthy), Ben Meyers (Healthy), Joshua Roy (Healthy), Jake Schmaltz (Healthy), Jakub Fibigr (Healthy)
Kailer Yamamoto (Healthy), Nikita Prishchepov (Healthy), Matthew Stienburg (Healthy), Nils Aman (Healthy), Luke Cavallin (Healthy)
BUFFALO BULLS
5 vs 5 Forward
Center Left Wing Right Wing Time % Phy DF OF
1 Ondrej Pavel Ben Steeves Nikita Chibrikov 36 1 2 2
2 Ivan Ivan Oskar Olausson Eduard Sale 31 1 2 2
3 Parker Ford Joona Koppanen Jack Williams 23 1 2 2
4 Matyas Sapovaliv Cameron Butler Aydar Suniev 10 1 2 2
5 vs 5 Defense
Defense Defense Time % Phy DF OF
1 Louie Belpedio Cam Dineen 36 1 2 2
2 Stanislav Svozil Roman Schmidt 31 1 2 2
3 Joe Fleming Ethan Edwards 23 1 2 2
4 Louie Belpedio Cam Dineen 10 1 2 2
PowerPlay Forward
Center Left Wing Right Wing Time % Phy DF OF
1 Ondrej Pavel Ben Steeves Nikita Chibrikov 55 1 2 2
2 Ivan Ivan Oskar Olausson Eduard Sale 45 1 2 2
PowerPlay Defense
Defense Defense Time % Phy DF OF
1 Louie Belpedio Cam Dineen 55 1 2 2
2 Stanislav Svozil Roman Schmidt 45 1 2 2
Penalty Kill 4 Players Forward
Center Wing Time % Phy DF OF
1 Ben Steeves Ondrej Pavel 55 1 2 2
2 Ivan Ivan Nikita Chibrikov 45 1 2 2
Penalty Kill 4 Players Defense
Defense Defense Time % Phy DF OF
1 Louie Belpedio Cam Dineen 55 1 2 2
2 Stanislav Svozil Roman Schmidt 45 1 2 2
Penalty Kill - 3 Players Forward
Forward Time % Phy DF OF
1 Ben Steeves 55 1 2 2
2 Ondrej Pavel 45 1 2 2
Penalty Kill - 3 Players Defense
Defense Defense Time % Phy DF OF
1 Louie Belpedio Cam Dineen 55 1 2 2
2 Stanislav Svozil Roman Schmidt 45 1 2 2
4 vs 4 Forward
Center Wing Time % Phy DF OF
1 Ben Steeves Ondrej Pavel 55 1 2 2
2 Ivan Ivan Nikita Chibrikov 45 1 2 2
4 vs 4 Defense
Defense Defense Time % Phy DF OF
1 Louie Belpedio Cam Dineen 55 1 2 2
2 Stanislav Svozil Roman Schmidt 45 1 2 2
Last Minutes Offensive
Center Left Wing Right Wing Defense Defense
Ondrej Pavel Ben Steeves Nikita Chibrikov Louie Belpedio Cam Dineen
Last Minutes Defensive
Center Left Wing Right Wing Defense Defense
Ondrej Pavel Ben Steeves Nikita Chibrikov Louie Belpedio Cam Dineen
Goaltenders
Starting : Trent Miner
Backup : Taylor Gauthier
Extra Forwards
Normal : Parker Ford, Matyas Sapovaliv, Joona Koppanen - PP : Parker Ford, Matyas Sapovaliv - PK : Joona Koppanen
Extra Defensemen
Normal : Joe Fleming, Ethan Edwards, Stanislav Svozil - PP : Joe Fleming - PK : Ethan Edwards, Stanislav Svozil
Penalty Shots
Ben Steeves, Ondrej Pavel, Ivan Ivan, Nikita Chibrikov, Oskar Olausson
Scratches
Andrei Loshko (Healthy), Daniil Misyul (Healthy), Dysin Mayo (Healthy), Igor Chernyshov (Healthy), Jesse Pulkkinen (Healthy)
Daniil Chayka (Healthy), Tyler Kopff (Healthy), Ben Kraws (Healthy), Mitchell Gibson (Healthy)
% Time on Ice - GUELPH STORM
Lines # - Real PCT - Wanted PCT - Time Play
Normal Forward
1 - 31% - 36% - 13:17
2 - 31% - 31% - 13:11
3 - 34% - 23% - 14:38
4 - 4% - 10% - 1:49
Normal Defense
1 - 34% - 36% - 14:44
2 - 31% - 31% - 13:24
3 - 28% - 23% - 12:03
4 - 6% - 10% - 2:44
PP Forward
1 - 53% - 55% - 8:01
2 - 47% - 45% - 7:03
PP Defense
1 - 45% - 55% - 6:44
2 - 55% - 45% - 8:20
PK Forward
1 - 54% - 55% - 1:05
2 - 46% - 45% - 0:56
PK Defense
1 - 46% - 55% - 0:56
2 - 54% - 45% - 1:05
PK3 Forward
1 - 0% - 55%
2 - 0% - 45%
PK3 Defense
1 - 0% - 55%
2 - 0% - 45%
44 Forward
1 - 0% - 55%
2 - 0% - 45%
44 Defense
1 - 0% - 55%
2 - 0% - 45%
Last Minute Offensive - 0:00
Last Minute Defensive - 0:00
Total
Forward - 60:00
Defense - 60:00
|
% Time on Ice - BUFFALO BULLS
Lines # - Real PCT - Wanted PCT - Time Play
Normal Forward
1 - 30% - 36% - 12:41
2 - 27% - 31% - 11:28
3 - 28% - 23% - 11:58
4 - 16% - 10% - 6:48
Normal Defense
1 - 35% - 36% - 15:08
2 - 33% - 31% - 14:17
3 - 29% - 23% - 12:26
4 - 2% - 10% - 1:04
PP Forward
1 - 59% - 55% - 1:11
2 - 41% - 45% - 0:50
PP Defense
1 - 47% - 55% - 0:57
2 - 53% - 45% - 1:04
PK Forward
1 - 60% - 55% - 8:59
2 - 40% - 45% - 6:05
PK Defense
1 - 51% - 55% - 7:39
2 - 49% - 45% - 7:25
PK3 Forward
1 - 0% - 55%
2 - 0% - 45%
PK3 Defense
1 - 0% - 55%
2 - 0% - 45%
44 Forward
1 - 0% - 55%
2 - 0% - 45%
44 Defense
1 - 0% - 55%
2 - 0% - 45%
Last Minute Offensive - 0:00
Last Minute Defensive - 0:00
Total
Forward - 60:00
Defense - 60:00
|
Play-by-Play
1st period
0:01 of 1st period - Ondrej Pavel wins face-off versus Christian Fischer in neutral zone.
0:09 of 1st period - Shot by Nikita Chibrikov.
0:09 of 1st period - Stopped by Cayden Primeau without a rebound.
0:10 of 1st period - Ivan Ivan wins face-off versus Ty Mueller in GUELPH STORM zone.
0:12 of 1st period - Minor Penalty to Roman Schmidt for Hooking.
0:13 of 1st period - Ben Steeves wins face-off versus Christian Fischer in BUFFALO BULLS zone.
0:26 of 1st period - Shot by Judd Caulfield.
0:26 of 1st period - Shot Misses the Net.
0:28 of 1st period - Shot by Christian Fischer.
0:28 of 1st period - Shot Blocked by Ivan Ivan.
0:30 of 1st period - Shot by Jack Ahcan.
0:30 of 1st period - Shot Misses the Net.
0:32 of 1st period - Shot by Christian Fischer.
0:32 of 1st period - Stopped by Trent Miner without a rebound.
0:33 of 1st period - Ben Steeves wins face-off versus Ty Mueller in BUFFALO BULLS zone.
1:30 of 1st period - Shot by Nikolai Kovalenko.
1:30 of 1st period - Stopped by Trent Miner without a rebound.
1:31 of 1st period - Christian Fischer wins face-off versus Ben Steeves in BUFFALO BULLS zone.
1:32 of 1st period - Shot by Nikolai Kovalenko.
1:32 of 1st period - Stopped by Trent Miner without a rebound.
1:33 of 1st period - Ben Steeves wins face-off versus Christian Fischer in BUFFALO BULLS zone.
1:33 of 1st period - Ben Steeves is hit by Judd Caulfield.
1:55 of 1st period - Nikolai Kovalenko is hit by Stanislav Svozil and loses puck.
2:30 of 1st period - Shot by Brett Harrison.
2:30 of 1st period - Deflect By Alexis Gendron.
2:30 of 1st period - Stopped by Trent Miner without a rebound.
2:31 of 1st period - Ty Mueller wins face-off versus Ivan Ivan in BUFFALO BULLS zone.
2:36 of 1st period - Shot by Ty Mueller.
2:36 of 1st period - Stopped by Trent Miner without a rebound.
2:37 of 1st period - Ty Mueller wins face-off versus Ivan Ivan in BUFFALO BULLS zone.
2:37 of 1st period - Ty Mueller is hit by Louie Belpedio.
2:43 of 1st period - Shot by Anton Wahlberg.
2:43 of 1st period - Stopped by Trent Miner with a rebound.
3:03 of 1st period - Shot by Oskar Olausson.
3:03 of 1st period - Shot Misses the Net.
3:12 of 1st period - Ty Mueller is hit by Louie Belpedio and loses puck.
4:12 of 1st period - Shot by Nikita Chibrikov.
4:12 of 1st period - Stopped by Cayden Primeau without a rebound.
4:13 of 1st period - Ondrej Pavel wins face-off versus Brandon Biro in GUELPH STORM zone.
4:36 of 1st period - Shot by Alexis Gendron.
4:36 of 1st period - Goal by Alexis Gendron - GUELPH STORM : 1 - BUFFALO BULLS : 0.
4:37 of 1st period - Ty Mueller wins face-off versus Parker Ford in neutral zone.
4:57 of 1st period - Icing by Owen Pickering.
4:58 of 1st period - Ondrej Pavel wins face-off versus Ty Mueller in GUELPH STORM zone.
4:58 of 1st period - Ben Steeves is hit by Owen Pickering.
5:14 of 1st period - Shot by Nikita Chibrikov.
5:14 of 1st period - Stopped by Cayden Primeau without a rebound.
5:15 of 1st period - Christian Fischer wins face-off versus Parker Ford in GUELPH STORM zone.
5:15 of 1st period - Christian Fischer is hit by Joona Koppanen.
5:20 of 1st period - Minor Penalty to Joona Koppanen for Tripping.
5:21 of 1st period - Ben Steeves wins face-off versus Christian Fischer in BUFFALO BULLS zone.
6:14 of 1st period - Shot by Ty Mueller.
6:14 of 1st period - Shot Misses the Net.
6:16 of 1st period - Shot by Ty Mueller.
6:16 of 1st period - Shot Misses the Net.
6:18 of 1st period - Shot by Anton Wahlberg.
6:18 of 1st period - Shot Misses the Net.
6:20 of 1st period - Shot by Anton Wahlberg.
6:20 of 1st period - Stopped by Trent Miner without a rebound.
6:21 of 1st period - Ivan Ivan wins face-off versus Ty Mueller in BUFFALO BULLS zone.
6:27 of 1st period - Icing by Anton Wahlberg.
6:28 of 1st period - Anton Wahlberg wins face-off versus Ivan Ivan in GUELPH STORM zone.
9:28 of 1st period - Shot by Nikolai Kovalenko.
9:28 of 1st period - Deflect By Skyler Brind'Amour.
9:28 of 1st period - Stopped by Trent Miner with a rebound.
9:36 of 1st period - Shot by Christian Fischer.
9:36 of 1st period - Shot Misses the Net.
9:38 of 1st period - Shot by Owen Pickering.
9:38 of 1st period - Shot Misses the Net.
10:01 of 1st period - Aydar Suniev is hit by Brandon Biro and loses puck.
10:10 of 1st period - Icing by Stanislav Svozil.
10:11 of 1st period - Matyas Sapovaliv wins face-off versus Brandon Biro in BUFFALO BULLS zone.
10:58 of 1st period - Shot by Nikita Chibrikov.
10:58 of 1st period - Stopped by Cayden Primeau with a rebound.
11:06 of 1st period - Shot by Nikita Chibrikov.
11:06 of 1st period - Stopped by Cayden Primeau with a rebound.
11:08 of 1st period - Shot by Nikita Chibrikov.
11:08 of 1st period - Stopped by Cayden Primeau without a rebound.
11:09 of 1st period - Ty Mueller wins face-off versus Ivan Ivan in GUELPH STORM zone.
11:30 of 1st period - Shot by Ty Mueller.
11:30 of 1st period - Shot Blocked by Joe Fleming.
12:52 of 1st period - Icing by Joe Fleming.
12:53 of 1st period - Ondrej Pavel wins face-off versus Brandon Biro in BUFFALO BULLS zone.
12:53 of 1st period - Ondrej Pavel is hit by Brett Harrison.
13:49 of 1st period - Shot by Nikolai Kovalenko.
13:49 of 1st period - Shot Misses the Net.
15:14 of 1st period - Shot by Ivan Ivan.
15:14 of 1st period - Stopped by Cayden Primeau without a rebound.
15:15 of 1st period - Matyas Sapovaliv wins face-off versus Ty Mueller in GUELPH STORM zone.
15:26 of 1st period - Shot by Cameron Butler.
15:26 of 1st period - Shot Misses the Net.
15:38 of 1st period - Shot by Cameron Butler.
15:38 of 1st period - Stopped by Cayden Primeau without a rebound.
15:39 of 1st period - Ondrej Pavel wins face-off versus Brandon Biro in GUELPH STORM zone.
15:40 of 1st period - Shot by Nikita Chibrikov.
15:40 of 1st period - Stopped by Cayden Primeau without a rebound.
15:41 of 1st period - Brandon Biro wins face-off versus Ondrej Pavel in GUELPH STORM zone.
16:00 of 1st period - Off-side.
16:01 of 1st period - Matyas Sapovaliv wins face-off versus Ty Mueller in neutral zone.
16:14 of 1st period - Shot by Ty Mueller.
16:14 of 1st period - Stopped by Trent Miner with a rebound.
16:16 of 1st period - Shot by Jake Furlong.
16:16 of 1st period - Goal by Jake Furlong - GUELPH STORM : 2 - BUFFALO BULLS : 0.
16:17 of 1st period - Brandon Biro wins face-off versus Ivan Ivan in neutral zone.
16:20 of 1st period - Roman Schmidt is hit by Brett Harrison and loses puck.
16:43 of 1st period - Shot by Brandon Biro.
16:43 of 1st period - Stopped by Trent Miner without a rebound.
16:44 of 1st period - Ty Mueller wins face-off versus Ondrej Pavel in BUFFALO BULLS zone.
16:50 of 1st period - Minor Penalty to Louie Belpedio for Interference.
16:51 of 1st period - Ben Steeves wins face-off versus Graeme Clarke in BUFFALO BULLS zone.
17:31 of 1st period - Off-side.
17:32 of 1st period - Ben Steeves wins face-off versus Christian Fischer in neutral zone.
17:57 of 1st period - Shot by Christian Fischer.
17:57 of 1st period - Stopped by Trent Miner with a rebound.
17:59 of 1st period - Shot by Nikolai Kovalenko.
17:59 of 1st period - Shot Misses the Net.
18:01 of 1st period - Shot by Nikolai Kovalenko.
18:01 of 1st period - Goal by Nikolai Kovalenko - GUELPH STORM : 3 - BUFFALO BULLS : 0.
18:02 of 1st period - Eduard Sale wins face-off versus Brandon Biro in neutral zone.
18:11 of 1st period - Shot by Alexis Gendron.
18:11 of 1st period - Shot Misses the Net.
18:13 of 1st period - Shot by Alexis Gendron.
18:13 of 1st period - Shot Misses the Net.
18:17 of 1st period - Shot by Brandon Biro.
18:17 of 1st period - Shot Misses the Net.
18:19 of 1st period - Shot by Jake Furlong.
18:19 of 1st period - Shot Blocked by Roman Schmidt.
18:25 of 1st period - Shot by Alexis Gendron.
18:25 of 1st period - Shot Blocked by Ivan Ivan.
19:00 of 1st period - Shot by Ondrej Pavel.
19:00 of 1st period - Stopped by Cayden Primeau without a rebound.
19:01 of 1st period - Judd Caulfield wins face-off versus Parker Ford in GUELPH STORM zone.
19:32 of 1st period - Shot by Nikolai Kovalenko.
19:32 of 1st period - Shot Misses the Net.
Goals for this period are 3 for GUELPH STORM vs 0 for BUFFALO BULLS.
Shots for this period are 14 for GUELPH STORM vs 10 for BUFFALO BULLS.
2nd period
0:01 of 2nd period - Ondrej Pavel wins face-off versus Christian Fischer in neutral zone.
0:12 of 2nd period - Shot by Ben Steeves.
0:12 of 2nd period - Shot Misses the Net.
0:27 of 2nd period - Off-side.
0:28 of 2nd period - Anton Wahlberg wins face-off versus Eduard Sale in neutral zone.
0:31 of 2nd period - Stanislav Svozil is hit by Ty Mueller and loses puck.
1:32 of 2nd period - Shot by Joona Koppanen.
1:32 of 2nd period - Stopped by Cayden Primeau without a rebound.
1:33 of 2nd period - Ondrej Pavel wins face-off versus Christian Fischer in GUELPH STORM zone.
1:38 of 2nd period - Shot by Nikita Chibrikov.
1:38 of 2nd period - Stopped by Cayden Primeau without a rebound.
1:39 of 2nd period - Christian Fischer wins face-off versus Ondrej Pavel in GUELPH STORM zone.
1:39 of 2nd period - Nikolai Kovalenko is hit by Ondrej Pavel.
2:08 of 2nd period - Nikolai Kovalenko is hit by Louie Belpedio and loses puck.
2:53 of 2nd period - Shot by Jack Williams.
2:53 of 2nd period - Stopped by Cayden Primeau without a rebound.
2:54 of 2nd period - Ty Mueller wins face-off versus Ivan Ivan in GUELPH STORM zone.
2:54 of 2nd period - Ty Mueller is hit by Oskar Olausson.
3:00 of 2nd period - Shot by Graeme Clarke.
3:00 of 2nd period - Shot Blocked by Ethan Edwards.
3:22 of 2nd period - Shot by Ivan Ivan.
3:22 of 2nd period - Shot Misses the Net.
3:51 of 2nd period - Off-side.
3:52 of 2nd period - Matyas Sapovaliv wins face-off versus Christian Fischer in neutral zone.
4:08 of 2nd period - Nikolai Kovalenko is hit by Louie Belpedio and loses puck.
4:11 of 2nd period - Shot by Nikolai Kovalenko.
4:11 of 2nd period - Shot Blocked by Cam Dineen.
4:16 of 2nd period - Minor Penalty to Cam Dineen for Slashing.
4:17 of 2nd period - Ben Steeves wins face-off versus Christian Fischer in BUFFALO BULLS zone.
5:22 of 2nd period - Icing by Jack Ahcan.
5:23 of 2nd period - Ivan Ivan wins face-off versus Ty Mueller in GUELPH STORM zone.
5:38 of 2nd period - Shot by Ty Mueller.
5:38 of 2nd period - Shot Blocked by Stanislav Svozil.
5:40 of 2nd period - Shot by Ty Mueller.
5:40 of 2nd period - Shot Misses the Net.
5:42 of 2nd period - Shot by Jack Ahcan.
5:42 of 2nd period - Stopped by Trent Miner without a rebound.
5:43 of 2nd period - Ty Mueller wins face-off versus Ben Steeves in BUFFALO BULLS zone.
5:52 of 2nd period - Shot by Anton Wahlberg.
5:52 of 2nd period - Stopped by Trent Miner without a rebound.
5:53 of 2nd period - Ty Mueller wins face-off versus Ben Steeves in BUFFALO BULLS zone.
5:54 of 2nd period - Shot by Owen Pickering.
5:54 of 2nd period - Shot Blocked by Ondrej Pavel.
5:56 of 2nd period - Shot by Anton Wahlberg.
5:56 of 2nd period - Shot Misses the Net.
7:39 of 2nd period - Minor Penalty to Ondrej Pavel for Holding.
7:40 of 2nd period - Christian Fischer wins face-off versus Ben Steeves in BUFFALO BULLS zone.
7:47 of 2nd period - Shot by Judd Caulfield.
7:47 of 2nd period - Stopped by Trent Miner without a rebound.
7:48 of 2nd period - Ben Steeves wins face-off versus Christian Fischer in BUFFALO BULLS zone.
7:59 of 2nd period - Shot by Christian Fischer.
7:59 of 2nd period - Shot Blocked by Louie Belpedio.
8:24 of 2nd period - Nikolai Kovalenko is hit by Cam Dineen and loses puck.
9:13 of 2nd period - Shot by Anton Wahlberg.
9:13 of 2nd period - Stopped by Trent Miner without a rebound.
9:14 of 2nd period - Ivan Ivan wins face-off versus Graeme Clarke in BUFFALO BULLS zone.
9:14 of 2nd period - Ivan Ivan is hit by Anton Wahlberg.
9:25 of 2nd period - Icing by Owen Pickering.
9:26 of 2nd period - Ivan Ivan wins face-off versus Ty Mueller in GUELPH STORM zone.
9:48 of 2nd period - Shot by Brandon Biro.
9:48 of 2nd period - Shot Misses the Net.
9:54 of 2nd period - Shot by Aydar Suniev.
9:54 of 2nd period - Shot Hit the Post.
9:59 of 2nd period - Aydar Suniev is hit by Rodwin Dionicio.
10:03 of 2nd period - Shot by Aydar Suniev.
10:03 of 2nd period - Shot Blocked by Brett Harrison.
10:28 of 2nd period - Minor Penalty to Joona Koppanen for Goalie Interference.
10:29 of 2nd period - Ben Steeves wins face-off versus Judd Caulfield in BUFFALO BULLS zone.
10:39 of 2nd period - Icing by Nikolai Kovalenko.
10:40 of 2nd period - Ben Steeves wins face-off versus Christian Fischer in GUELPH STORM zone.
11:23 of 2nd period - Shot by Ty Mueller.
11:23 of 2nd period - Stopped by Trent Miner without a rebound.
11:24 of 2nd period - Ty Mueller wins face-off versus Ivan Ivan in BUFFALO BULLS zone.
11:43 of 2nd period - Shot by Graeme Clarke.
11:43 of 2nd period - Stopped by Trent Miner without a rebound.
11:44 of 2nd period - Ben Steeves wins face-off versus Christian Fischer in BUFFALO BULLS zone.
12:06 of 2nd period - Icing by Nikolai Kovalenko.
12:07 of 2nd period - Ben Steeves wins face-off versus Christian Fischer in GUELPH STORM zone.
12:08 of 2nd period - Shot by Ondrej Pavel.
12:08 of 2nd period - Deflect By Ben Steeves.
12:08 of 2nd period - Shot Misses the Net.
12:13 of 2nd period - Icing by Jack Ahcan.
12:14 of 2nd period - Ben Steeves wins face-off versus Christian Fischer in GUELPH STORM zone.
12:26 of 2nd period - Shot by Roman Schmidt.
12:26 of 2nd period - Shot Blocked by Nikolai Kovalenko.
12:28 of 2nd period - Shot by Roman Schmidt.
12:28 of 2nd period - Shot Hit the Post.
12:44 of 2nd period - Shot by Ty Mueller.
12:44 of 2nd period - Shot Misses the Net.
12:46 of 2nd period - Shot by Ty Mueller.
12:46 of 2nd period - Shot Misses the Net.
12:48 of 2nd period - Shot by Anton Wahlberg.
12:48 of 2nd period - Stopped by Trent Miner without a rebound.
12:49 of 2nd period - Ondrej Pavel wins face-off versus Brandon Biro in BUFFALO BULLS zone.
12:58 of 2nd period - Shot by Ben Steeves.
12:58 of 2nd period - Stopped by Cayden Primeau with a rebound.
13:00 of 2nd period - Shot by Nikita Chibrikov.
13:00 of 2nd period - Stopped by Cayden Primeau with a rebound.
13:02 of 2nd period - Shot by Ben Steeves.
13:02 of 2nd period - Shot Blocked by Brett Harrison.
13:04 of 2nd period - Shot by Roman Schmidt.
13:04 of 2nd period - Goal by Roman Schmidt - GUELPH STORM : 3 - BUFFALO BULLS : 1.
13:05 of 2nd period - Ty Mueller wins face-off versus Oskar Olausson in neutral zone.
13:07 of 2nd period - Jack Ahcan is hit by Louie Belpedio.
13:10 of 2nd period - Minor Penalty to Louie Belpedio for Holding.
13:11 of 2nd period - Ben Steeves wins face-off versus Christian Fischer in BUFFALO BULLS zone.
13:28 of 2nd period - Ethan Edwards is hit by Christian Fischer.
14:03 of 2nd period - Stanislav Svozil is hit by Anton Wahlberg and loses puck.
14:08 of 2nd period - Shot by Owen Pickering.
14:08 of 2nd period - Shot Misses the Net.
14:10 of 2nd period - Shot by Anton Wahlberg.
14:10 of 2nd period - Shot Misses the Net.
14:12 of 2nd period - Shot by Owen Pickering.
14:12 of 2nd period - Stopped by Trent Miner with a rebound.
14:14 of 2nd period - Shot by Owen Pickering.
14:14 of 2nd period - Shot Misses the Net.
14:16 of 2nd period - Shot by Owen Pickering.
14:16 of 2nd period - Shot Misses the Net.
15:00 of 2nd period - Icing by Nikolai Kovalenko.
15:01 of 2nd period - Christian Fischer wins face-off versus Ben Steeves in GUELPH STORM zone.
15:38 of 2nd period - Shot by Brett Harrison.
15:38 of 2nd period - Shot Misses the Net.
16:49 of 2nd period - Owen Pickering is hit by Ondrej Pavel and loses puck.
16:58 of 2nd period - Shot by Nikita Chibrikov.
16:58 of 2nd period - Shot Misses the Net.
17:55 of 2nd period - Ethan Edwards is hit by Brett Harrison and loses puck.
18:14 of 2nd period - Shot by Oskar Olausson.
18:14 of 2nd period - Stopped by Cayden Primeau without a rebound.
18:15 of 2nd period - Ty Mueller wins face-off versus Parker Ford in GUELPH STORM zone.
18:21 of 2nd period - Joona Koppanen is hit by Owen Pickering and loses puck.
18:37 of 2nd period - Shot by Jack Williams.
18:37 of 2nd period - Stopped by Cayden Primeau without a rebound.
18:38 of 2nd period - Ivan Ivan wins face-off versus Christian Fischer in GUELPH STORM zone.
18:41 of 2nd period - Shot by Eduard Sale.
18:41 of 2nd period - Shot Misses the Net.
Goals for this period are 0 for GUELPH STORM vs 1 for BUFFALO BULLS.
Shots for this period are 8 for GUELPH STORM vs 8 for BUFFALO BULLS.
3rd period
0:01 of 3rd period - Ondrej Pavel wins face-off versus Christian Fischer in neutral zone.
0:04 of 3rd period - Shot by Ben Steeves.
0:04 of 3rd period - Shot Misses the Net.
0:06 of 3rd period - Shot by Cam Dineen.
0:06 of 3rd period - Stopped by Cayden Primeau without a rebound.
0:07 of 3rd period - Christian Fischer wins face-off versus Ondrej Pavel in GUELPH STORM zone.
0:24 of 3rd period - Shot by Christian Fischer.
0:24 of 3rd period - Shot Blocked by Nikita Chibrikov.
0:26 of 3rd period - Shot by Christian Fischer.
0:26 of 3rd period - Stopped by Trent Miner with a rebound.
0:28 of 3rd period - Shot by Nikolai Kovalenko.
0:28 of 3rd period - Shot Misses the Net.
0:30 of 3rd period - Shot by Christian Fischer.
0:30 of 3rd period - Shot Blocked by Louie Belpedio.
0:35 of 3rd period - Shot by Nikolai Kovalenko.
0:35 of 3rd period - Shot Blocked by Louie Belpedio.
1:20 of 3rd period - Shot by Oskar Olausson.
1:20 of 3rd period - Shot Misses the Net.
1:25 of 3rd period - Shot by Oskar Olausson.
1:25 of 3rd period - Stopped by Cayden Primeau without a rebound.
1:26 of 3rd period - Brandon Biro wins face-off versus Parker Ford in GUELPH STORM zone.
1:56 of 3rd period - Shot by Parker Ford.
1:56 of 3rd period - Shot Misses the Net.
2:00 of 3rd period - Shot by Joona Koppanen.
2:00 of 3rd period - Shot Misses the Net.
2:36 of 3rd period - Minor Penalty to Rodwin Dionicio for Slashing.
2:37 of 3rd period - Ondrej Pavel wins face-off versus Nikolai Kovalenko in GUELPH STORM zone.
2:57 of 3rd period - Shot by Ondrej Pavel.
2:57 of 3rd period - Stopped by Cayden Primeau without a rebound.
2:58 of 3rd period - Ivan Ivan wins face-off versus Nikolai Kovalenko in GUELPH STORM zone.
3:15 of 3rd period - Shot by Ivan Ivan.
3:15 of 3rd period - Shot Misses the Net.
3:17 of 3rd period - Shot by Roman Schmidt.
3:17 of 3rd period - Shot Misses the Net.
3:19 of 3rd period - Shot by Roman Schmidt.
3:19 of 3rd period - Shot Misses the Net.
3:21 of 3rd period - Shot by Roman Schmidt.
3:21 of 3rd period - Shot Misses the Net.
3:23 of 3rd period - Shot by Ivan Ivan.
3:23 of 3rd period - Shot Misses the Net.
3:25 of 3rd period - Shot by Stanislav Svozil.
3:25 of 3rd period - Shot Misses the Net.
3:27 of 3rd period - Shot by Stanislav Svozil.
3:27 of 3rd period - Goal by Stanislav Svozil - GUELPH STORM : 3 - BUFFALO BULLS : 2.
3:28 of 3rd period - Ondrej Pavel wins face-off versus Anton Wahlberg in neutral zone.
3:42 of 3rd period - Icing by Jack Ahcan.
3:43 of 3rd period - Ty Mueller wins face-off versus Parker Ford in GUELPH STORM zone.
3:43 of 3rd period - Ty Mueller is hit by Joona Koppanen.
4:24 of 3rd period - Owen Pickering is hit by Joona Koppanen and loses puck.
5:04 of 3rd period - Icing by Cam Dineen.
5:05 of 3rd period - Ondrej Pavel wins face-off versus Christian Fischer in BUFFALO BULLS zone.
5:12 of 3rd period - Shot by Cam Dineen.
5:12 of 3rd period - Stopped by Cayden Primeau without a rebound.
5:13 of 3rd period - Ivan Ivan wins face-off versus Nikolai Kovalenko in GUELPH STORM zone.
5:20 of 3rd period - Shot by Ivan Ivan.
5:20 of 3rd period - Stopped by Cayden Primeau without a rebound.
5:21 of 3rd period - Christian Fischer wins face-off versus Ivan Ivan in GUELPH STORM zone.
5:21 of 3rd period - Nikolai Kovalenko is hit by Ivan Ivan and loses puck.
5:35 of 3rd period - Shot by Owen Pickering.
5:35 of 3rd period - Stopped by Trent Miner with a rebound.
5:37 of 3rd period - Shot by Christian Fischer.
5:37 of 3rd period - Deflect By Nikolai Kovalenko.
5:37 of 3rd period - Stopped by Trent Miner without a rebound.
5:38 of 3rd period - Ty Mueller wins face-off versus Ondrej Pavel in BUFFALO BULLS zone.
5:53 of 3rd period - Shot by Anton Wahlberg.
5:53 of 3rd period - Shot Misses the Net.
5:55 of 3rd period - Shot by Jake Furlong.
5:55 of 3rd period - Stopped by Trent Miner with a rebound.
5:57 of 3rd period - Shot by Ty Mueller.
5:57 of 3rd period - Stopped by Trent Miner without a rebound.
5:58 of 3rd period - Ivan Ivan wins face-off versus Christian Fischer in BUFFALO BULLS zone.
5:58 of 3rd period - Ivan Ivan is hit by Judd Caulfield.
6:35 of 3rd period - Shot by Ivan Ivan.
6:35 of 3rd period - Stopped by Cayden Primeau without a rebound.
6:36 of 3rd period - Ondrej Pavel wins face-off versus Ty Mueller in GUELPH STORM zone.
6:46 of 3rd period - Icing by Jake Furlong.
6:47 of 3rd period - Ty Mueller wins face-off versus Jack Williams in GUELPH STORM zone.
6:49 of 3rd period - Icing by Graeme Clarke.
6:50 of 3rd period - Ondrej Pavel wins face-off versus Ty Mueller in GUELPH STORM zone.
7:03 of 3rd period - Shot by Ben Steeves.
7:03 of 3rd period - Shot Misses the Net.
7:27 of 3rd period - Shot by Anton Wahlberg.
7:27 of 3rd period - Stopped by Trent Miner with a rebound.
7:42 of 3rd period - Minor Penalty to Oskar Olausson for Roughing.
7:43 of 3rd period - Christian Fischer wins face-off versus Ivan Ivan in BUFFALO BULLS zone.
9:13 of 3rd period - Shot by Christian Fischer.
9:13 of 3rd period - Shot Misses the Net.
9:22 of 3rd period - Shot by Nikolai Kovalenko.
9:22 of 3rd period - Shot Misses the Net.
9:48 of 3rd period - Shot by Jack Williams.
9:48 of 3rd period - Shot Misses the Net.
9:56 of 3rd period - Shot by Parker Ford.
9:56 of 3rd period - Shot Misses the Net.
9:58 of 3rd period - Shot by Ethan Edwards.
9:58 of 3rd period - Shot Misses the Net.
10:00 of 3rd period - Shot by Joona Koppanen.
10:00 of 3rd period - Shot Blocked by Alexis Gendron.
10:04 of 3rd period - Shot by Parker Ford.
10:04 of 3rd period - Shot Misses the Net.
10:06 of 3rd period - Shot by Jack Williams.
10:06 of 3rd period - Shot Misses the Net.
11:11 of 3rd period - Shot by Skyler Brind'Amour.
11:11 of 3rd period - Stopped by Trent Miner without a rebound.
11:12 of 3rd period - Christian Fischer wins face-off versus Ivan Ivan in BUFFALO BULLS zone.
11:30 of 3rd period - Shot by Ivan Ivan.
11:30 of 3rd period - Stopped by Cayden Primeau with a rebound.
11:38 of 3rd period - Shot by Oskar Olausson.
11:38 of 3rd period - Deflect By Ivan Ivan.
11:38 of 3rd period - Shot Misses the Net.
11:40 of 3rd period - Shot by Ivan Ivan.
11:40 of 3rd period - Shot Misses the Net.
11:59 of 3rd period - Parker Ford is hit by Jack Ahcan and loses puck.
12:04 of 3rd period - Shot by Joona Koppanen.
12:04 of 3rd period - Shot Misses the Net.
12:05 of 3rd period - Minor Penalty to Jake Furlong for Hooking.
12:06 of 3rd period - Ty Mueller wins face-off versus Ondrej Pavel in GUELPH STORM zone.
12:23 of 3rd period - Shot by Nikita Chibrikov.
12:23 of 3rd period - Shot Blocked by Jack Ahcan.
13:01 of 3rd period - Shot by Ivan Ivan.
13:01 of 3rd period - Stopped by Cayden Primeau without a rebound.
13:02 of 3rd period - Ondrej Pavel wins face-off versus Nikolai Kovalenko in GUELPH STORM zone.
13:15 of 3rd period - Shot by Nikita Chibrikov.
13:15 of 3rd period - Goal by Nikita Chibrikov - GUELPH STORM : 3 - BUFFALO BULLS : 3.
13:16 of 3rd period - Brandon Biro wins face-off versus Parker Ford in neutral zone.
13:16 of 3rd period - Brandon Biro is hit by Joona Koppanen.
13:21 of 3rd period - Brett Harrison is hit by Joe Fleming and loses puck.
13:37 of 3rd period - Shot by Parker Ford.
13:37 of 3rd period - Shot Misses the Net.
13:45 of 3rd period - Shot by Parker Ford.
13:45 of 3rd period - Deflect By Jack Williams.
13:45 of 3rd period - Stopped by Cayden Primeau without a rebound.
13:46 of 3rd period - Matyas Sapovaliv wins face-off versus Christian Fischer in GUELPH STORM zone.
14:09 of 3rd period - Shot by Aydar Suniev.
14:09 of 3rd period - Stopped by Cayden Primeau without a rebound.
14:10 of 3rd period - Ondrej Pavel wins face-off versus Anton Wahlberg in GUELPH STORM zone.
14:24 of 3rd period - Shot by Ben Steeves.
14:24 of 3rd period - Stopped by Cayden Primeau without a rebound.
14:25 of 3rd period - Ivan Ivan wins face-off versus Brandon Biro in GUELPH STORM zone.
14:53 of 3rd period - Shot by Brett Harrison.
14:53 of 3rd period - Shot Misses the Net.
14:59 of 3rd period - Shot by Alexis Gendron.
14:59 of 3rd period - Stopped by Trent Miner without a rebound.
15:00 of 3rd period - Ondrej Pavel wins face-off versus Nikolai Kovalenko in BUFFALO BULLS zone.
15:00 of 3rd period - Ondrej Pavel is hit by Judd Caulfield.
15:10 of 3rd period - Shot by Ben Steeves.
15:10 of 3rd period - Shot Blocked by Jake Furlong.
15:21 of 3rd period - Shot by Nikita Chibrikov.
15:21 of 3rd period - Stopped by Cayden Primeau without a rebound.
15:22 of 3rd period - Parker Ford wins face-off versus Ty Mueller in GUELPH STORM zone.
15:29 of 3rd period - Shot by Joona Koppanen.
15:29 of 3rd period - Shot Misses the Net.
15:31 of 3rd period - Shot by Jack Williams.
15:31 of 3rd period - Stopped by Cayden Primeau without a rebound.
15:32 of 3rd period - Ondrej Pavel wins face-off versus Ty Mueller in GUELPH STORM zone.
15:37 of 3rd period - Shot by Ondrej Pavel.
15:37 of 3rd period - Stopped by Cayden Primeau without a rebound.
15:38 of 3rd period - Ivan Ivan wins face-off versus Christian Fischer in GUELPH STORM zone.
15:39 of 3rd period - Shot by Oskar Olausson.
15:39 of 3rd period - Deflect By Eduard Sale.
15:39 of 3rd period - Stopped by Cayden Primeau without a rebound.
15:40 of 3rd period - Ondrej Pavel wins face-off versus Christian Fischer in GUELPH STORM zone.
15:55 of 3rd period - Shot by Ben Steeves.
15:55 of 3rd period - Shot Misses the Net.
15:59 of 3rd period - Shot by Nikita Chibrikov.
15:59 of 3rd period - Stopped by Cayden Primeau without a rebound.
16:00 of 3rd period - Ty Mueller wins face-off versus Ivan Ivan in GUELPH STORM zone.
16:05 of 3rd period - Shot by Ty Mueller.
16:05 of 3rd period - Stopped by Trent Miner with a rebound.
16:07 of 3rd period - Shot by Ty Mueller.
16:07 of 3rd period - Stopped by Trent Miner with a rebound.
16:11 of 3rd period - Shot by Anton Wahlberg.
16:11 of 3rd period - Shot Misses the Net.
16:13 of 3rd period - Shot by Owen Pickering.
16:13 of 3rd period - Shot Blocked by Stanislav Svozil.
16:15 of 3rd period - Shot by Ty Mueller.
16:15 of 3rd period - Stopped by Trent Miner with a rebound.
16:17 of 3rd period - Shot by Owen Pickering.
16:17 of 3rd period - Deflect By Anton Wahlberg.
16:17 of 3rd period - Goal by Anton Wahlberg - GUELPH STORM : 4 - BUFFALO BULLS : 3.
16:18 of 3rd period - Ondrej Pavel wins face-off versus Christian Fischer in neutral zone.
16:32 of 3rd period - Off-side.
16:33 of 3rd period - Ty Mueller wins face-off versus Ivan Ivan in neutral zone.
16:40 of 3rd period - Shot by Ty Mueller.
16:40 of 3rd period - Stopped by Trent Miner with a rebound.
16:42 of 3rd period - Shot by Ty Mueller.
16:42 of 3rd period - Shot Misses the Net.
16:44 of 3rd period - Shot by Owen Pickering.
16:44 of 3rd period - Shot Blocked by Roman Schmidt.
16:46 of 3rd period - Shot by Owen Pickering.
16:46 of 3rd period - Goal by Owen Pickering - GUELPH STORM : 5 - BUFFALO BULLS : 3.
16:47 of 3rd period - Ondrej Pavel wins face-off versus Christian Fischer in neutral zone.
16:50 of 3rd period - Shot by Ben Steeves.
16:50 of 3rd period - Deflect By Nikita Chibrikov.
16:50 of 3rd period - Shot Misses the Net.
16:52 of 3rd period - Shot by Louie Belpedio.
16:52 of 3rd period - Shot Blocked by Christian Fischer.
16:54 of 3rd period - Shot by Louie Belpedio.
16:54 of 3rd period - Shot Misses the Net.
16:58 of 3rd period - Shot by Nikita Chibrikov.
16:58 of 3rd period - Stopped by Cayden Primeau without a rebound.
16:59 of 3rd period - Ivan Ivan wins face-off versus Ty Mueller in GUELPH STORM zone.
17:10 of 3rd period - Shot by Ivan Ivan.
17:10 of 3rd period - Stopped by Cayden Primeau without a rebound.
17:11 of 3rd period - Christian Fischer wins face-off versus Ondrej Pavel in GUELPH STORM zone.
17:30 of 3rd period - Shot by Nikita Chibrikov.
17:30 of 3rd period - Shot Blocked by Nikolai Kovalenko.
17:40 of 3rd period - Nikolai Kovalenko is hit by Nikita Chibrikov and loses puck.
17:47 of 3rd period - Shot by Nikita Chibrikov.
17:47 of 3rd period - Stopped by Cayden Primeau with a rebound.
17:58 of 3rd period - Icing by Jack Ahcan.
17:59 of 3rd period - Ivan Ivan wins face-off versus Christian Fischer in GUELPH STORM zone.
18:09 of 3rd period - Off-side.
18:10 of 3rd period - Ty Mueller wins face-off versus Jack Williams in neutral zone.
18:19 of 3rd period - Shot by Graeme Clarke.
18:19 of 3rd period - Shot Blocked by Ethan Edwards.
18:27 of 3rd period - Shot by Joona Koppanen.
18:27 of 3rd period - Shot Blocked by Owen Pickering.
18:38 of 3rd period - Icing by Ethan Edwards.
18:39 of 3rd period - Parker Ford wins face-off versus Brandon Biro in BUFFALO BULLS zone.
18:53 of 3rd period - Shot by Joona Koppanen.
18:53 of 3rd period - Shot Misses the Net.
19:33 of 3rd period - Shot by Ben Steeves.
19:33 of 3rd period - Stopped by Cayden Primeau without a rebound.
19:34 of 3rd period - Ivan Ivan wins face-off versus Christian Fischer in GUELPH STORM zone.
19:43 of 3rd period - Christian Fischer is hit by Ivan Ivan and loses puck.
Goals for this period are 2 for GUELPH STORM vs 2 for BUFFALO BULLS.
Shots for this period are 14 for GUELPH STORM vs 22 for BUFFALO BULLS.
Back to the Top